 Dungeon Crawl Stone Soup version 0.20-a0-1018-ge435b50 (webtiles) character file.

313 Megalobster the Chopper (level 6, 0/85 HPs)
             Began as a Minotaur Berserker on Apr 17, 2017.
             Was a Believer of Trog.
             Slain by a centaur skeleton (5 damage)
             ... on level 4 of the Dungeon.
             The game lasted 00:07:10 (2771 turns).

Megalobster the Chopper (Minotaur Berserker)        Turns: 2771, Time: 00:07:11

Health: 0/85       AC:  2    Str: 29    XL:     6   Next: 19%
Magic:  5/5        EV: 12    Int:  4    God:    Trog [**....]
Gold:   150        SH:  0    Dex:  9    Spells: 5/5 levels left

rFire    . . .     SeeInvis .   a - +0 hand axe
rCold    . . .     Gourm    .   (no shield)
rNeg     . . .     Faith    .   b - +0 animal skin
rPois    .         Spirit   .   (helmet restricted)
rElec    .         Reflect  .   (no cloak)
rCorr    .         Harm     .   (no gloves)
MR       ++...                  (no boots)
Stlth    ..........             (no amulet)
Regen    1.3/turn               (no ring)
MPRegen  0.1/turn               (no ring)

@: berserking, lethally poisoned (0 -> -1), regenerating, very quick
A: retaliatory headbutt, horns 2
a: Berserk, Trog's Hand, Burn Spellbooks, Renounce Religion


You were on level 4 of the Dungeon.
You worshipped Trog.
Trog was pleased with you.
You were very hungry.

You visited 1 branch of the dungeon, and saw 4 of its levels.

You collected 150 gold pieces.

Inventory:

Hand Weapons
 a - a +0 hand axe (weapon)
 k - a +0 club
 l - a +0 hunting sling
Missiles
 d - 71 stones (quivered)
 q - 30 sling bullets
 s - 49 arrows
Armour
 b - a +0 animal skin (worn)
 j - a +0 scale mail
Scrolls
 f - a scroll of remove curse {unknown}
 i - a scroll of fog {unknown}
 m - 3 scrolls of amnesia {unknown}
 n - a scroll of enchant armour {unknown}
 t - a scroll of enchant weapon {unknown}
Potions
 e - 2 potions of heal wounds {unknown}
 h - a potion of flight {unknown}
 o - a potion of cancellation {unknown}
 p - a potion of brilliance {unknown}
 r - 2 potions of agility {unknown}
Comestibles
 c - 3 bread rations
 g - 2 chunks of flesh


   Skills:
 + Level 5.7 Fighting
 * Level 7.1 Axes
 - Level 2.4 Armour
 - Level 2.1 Dodging


You had 5 spell levels left.
You didn't know any spells.

Dungeon Overview and Level Annotations

Branches:
Dungeon (4/15)
 Temple: D:4-7

Altars:
Hepliaklqana
Kikubaaqudgha
Qazlal
Ru
Trog


Innate Abilities, Weirdness & Mutations

You reflexively headbutt those who attack you in melee.
You have a pair of horns on your head.


Message History

You feel sick.
The centaur skeleton completely misses you.
The worker ant bites you.
* * * LOW HITPOINT WARNING * * *
You are more poisoned.
The worker ant poisons you! The centaur skeleton misses you.
Your skin crawls.
You feel resistant to hostile enchantments.
You feel somewhat more hungry.
You feel sick. The worker ant bites you.
* * * LOW HITPOINT WARNING * * *
The centaur skeleton hits you.
* * * LOW HITPOINT WARNING * * *
A red film seems to cover your vision as you go berserk!
You feel yourself moving faster!
You feel mighty!
You are feeling very hungry.
The worker ant bites you.
* * * LOW HITPOINT WARNING * * *
You are more poisoned.
The worker ant poisons you! The centaur skeleton hits you.
You die...

#.##.### # ##...... #
#. ......##.#
###.##......#.#
#######.............#
#.......# #......$.(#
#.......#.##Z.......###
#.......#...a@.........
#.......######.......!.
#.......#######.##....
. #..<....#...###.# ##
.# #........###.#.#.#
.# #######.## ##.###.#
.# #.# #.## #.# .# #.##
##.# ## .# ##.###.#


You could see a worker ant and a centaur skeleton.

Vanquished Creatures
  Sigmund (D:3)
  A worker ant (D:4)
  A hound zombie (D:3)
  Robin (D:2)
  4 adders
  3 worms
  A dart slug (D:2)
  7 leopard geckos
  A ball python (D:2)
  7 bats
  4 giant cockroaches
  14 goblins
  5 hobgoblins (D:2)
  A quokka (D:4)
  4 frilled lizards
  4 kobolds
  10 rats
69 creatures vanquished.

Notes
Turn   | Place    | Note
-------+----------+-------------------------------------------
     0 | D:1      | Megalobster the Minotaur Berserker began the quest for the Orb.
     0 | D:1      | Reached XP level 1. HP: 19/19 MP: 0/0
    74 | D:1      | Reached skill level 4 in Axes
   186 | D:1      | Reached XP level 2. HP: 26/27 MP: 1/1
  1162 | D:2      | Reached XP level 3. HP: 29/33 MP: 2/2
  1265 | D:2      | Noticed Robin
  1290 | D:2      | Killed Robin
  1290 | D:2      | Reached skill level 5 in Axes
  1609 | D:2      | Reached ** piety under Trog
  1715 | D:2      | Reached XP level 4. HP: 36/41 MP: 3/3
  2324 | D:3      | Found a hazy altar of Hepliaklqana.
  2328 | D:3      | Found an ancient bone altar of Kikubaaqudgha.
  2328 | D:3      | Found a bloodstained altar of Trog.
  2328 | D:3      | Found a sacrificial altar of Ru.
  2343 | D:3      | Reached skill level 5 in Fighting
  2367 | D:3      | Noticed Sigmund
  2369 | D:3      | Found a stormy altar of Qazlal.
  2373 | D:3      | Killed Sigmund
  2373 | D:3      | Reached skill level 6 in Axes
  2373 | D:3      | Reached XP level 5. HP: 48/48 MP: 4/4
  2375 | D:3      | Reached XP level 6. HP: 56/56 MP: 5/5
  2524 | D:3      | Reached skill level 7 in Axes
  2771 | D:4      | Slain by a centaur skeleton

Vault maps used:
D:1:      scummos_arrival_star, minmay_misc_feat_cross, hex_tiny,
          minmay_statues_item
D:2:      first_bread, minmay_unequal, uniq_robin
D:3:      grunt_temple_overflow_open, grunt_qazlal_clouds, uniq_sigmund
D:4:      cheibrodos_sewer_entry_bend, kennysheep_generic_room_2

Skill      XL: |  1  2  3  4  5  6 |
---------------+-------------------+-----
Axes           | 4 5 6 7 |  7.1
Fighting       | 4 5 |  5.7
Armour         | |  2.4
Dodging        | |  2.1

Action                   |  1- 3 |  4- 6 || total
-------------------------+-------+-------++-------
Melee: Hand axe          |    77 |    52 ||   129
       Headbutt          |    12 |    11 ||    23
Invok: Berserk           |     1 |     2 ||     3
       Trog's Hand       |       |     1 ||     1
  Eat: Chunk             |     3 |     4 ||     7
Armor: Animal skin       |     3 |     9 ||    12
Dodge: Dodged            |    52 |    32 ||    84
